 Dungeon Crawl Stone Soup version 0.30-a0-1163-gf69bf04e7a (webtiles) character file.

Game seed: 4432794741226899669

3590 CryoSword the Firebug (level 9, -6/71 HPs)
             Began as a Demigod Fire Elementalist on Apr 28, 2023.
             Mangled by an ogre
             ... wielding a +0 giant club
              (13 damage)
             ... on level 9 of the Dungeon.
             The game lasted 00:12:42 (10515 turns).

CryoSword the Firebug (Demigod Fire Elementalist)  Turns: 10515, Time: 00:12:42

Health: -6/71      AC:  9    Str: 19    XL:     9   Next: 55%
Magic:  5/25       EV: 10    Int: 28    God:
Gold:   218        SH: 16    Dex: 14    Spells: 7/14 levels left

rFire   . . .        E - +0 whip (venom)
rCold   . . .        y - +2 kite shield
rNeg    . . .        t - +2 ring mail "Qovefuop" {Int+3 Stlth+}
rPois   .            d - +0 helmet
rElec   .            j - +0 cloak
rCorr   .            (no gloves)
SInv    .            (no boots)
Will    .....        l - amulet of reflection
Stlth   +++          e - +6 ring of strength
HPRegen 0.31/turn    G - ring of magical power {=R}
MPRegen 0.19/turn

%: reflection
@: no status effects
A: high MP 1, forlorn, divine attributes
a: no special abilities


You were on level 9 of the Dungeon.
You visited 1 branch of the dungeon, and saw 9 of its levels.

You collected 405 gold pieces.
You spent 187 gold pieces at shops.

Inventory:

Hand Weapons
 E - a +0 whip of venom (weapon)
   (You took it off a kobold on level 7 of the Dungeon)
Missiles
 r - 7 boomerangs
 s - 23 poisoned darts (quivered)
Armour
 d - a +0 helmet (worn)
   (You found it on level 1 of the Dungeon)
 j - a +0 cloak (worn)
   (You found it on level 2 of the Dungeon)
 t - the +2 ring mail "Qovefuop" (worn) {Int+3 Stlth+}
   (You found it on level 5 of the Dungeon)

   Int:       It affects your intelligence (+3).
   Stlth:     It makes you more stealthy.
 v - a +1 scale mail of poison resistance
   (You took it off Terence on level 3 of the Dungeon)
 y - a +2 kite shield (worn)
   (You found it on level 6 of the Dungeon)
Jewellery
 e - a +6 ring of strength (left hand)
   (You found it on level 1 of the Dungeon)
 l - an amulet of reflection (around neck)
   (You found it on level 2 of the Dungeon)
 G - a ring of magical power (right hand) {=R}
   (You found it on level 8 of the Dungeon)
 I - a ring of fire
   (You found it on level 8 of the Dungeon)
Wands
 F - a wand of digging (6)
   (You found it on level 8 of the Dungeon)
Scrolls
 a - 2 scrolls of vulnerability {unknown}
 c - a scroll of brand weapon
 f - 2 scrolls of teleportation {@r4}
 g - 3 scrolls of enchant weapon {unknown}
 h - 2 scrolls of enchant armour {unknown}
 i - 7 scrolls of identify {unknown}
 n - 2 scrolls of torment {unknown}
 o - a scroll of fear {unknown}
 q - 2 scrolls of amnesia {unknown}
 w - a scroll of poison {unknown}
 C - a scroll of fog {unknown}
 H - 2 scrolls of immolation {unknown}
Potions
 b - 3 potions of magic
 k - 2 potions of flight
 m - 2 potions of haste {unknown}
 p - a potion of lignification {unknown}
 u - a potion of curing {@q1}
 x - a potion of cancellation {unknown}
 z - 3 potions of berserk rage
 A - 2 potions of brilliance
 B - a potion of attraction {unknown}
 D - 2 potions of heal wounds {@q2}


   Skills:
 * Level 4.1 Fighting
 * Level 3.2 Maces & Flails
 + Level 2.5 Armour
 + Level 3.5 Dodging
 + Level 3.8 Stealth
 * Level 3.8 Shields
 - Level 3.0 Spellcasting
 + Level 5.3 Conjurations
 * Level 7.9 Fire Magic


You had 7 spell levels left.
You knew the following spells:

 Your Spells              Type           Power      Damage    Failure   Level
a - Foxfire               Conj/Fire      100%       2x1d9     2%          1
b - Scorch                Fire           96%        2d9       1%          2
c - Flame Wave            Conj/Fire      41%        2d11      24%         4

Your spell library contained the following spells:

 Spells                   Type           Power      Damage    Failure   Level
 Kiss of Death            Conj/Necr      76%        2d11      12%         1
 Inner Flame              Hex/Fire       26%        N/A       22%         3
 Volatile Blastmotes      Fire/Tloc      52%        2d14      22%         3
 Apportation              Tloc           8%         N/A       34%         1
 Necrotise                Necr           16%        1d4       34%         1
 Slow                     Hex            16%        N/A       34%         1
 Summon Small Mammal      Summ           16%        N/A       34%         1
 Dazzling Flash           Conj/Hex       38%        N/A       34%         3
 Blink                    Tloc           8%         N/A       47%         2
 Confusing Touch          Hex            4%         N/A       71%         3
 Ozocubu's Armour         Ice            4%         N/A       71%         3
 Vampiric Draining        Necr           4%         2d6       71%         3
 Cause Fear               Hex            2%         N/A       98%         4
 Dispel Undead            Necr           4%         3d7       98%         4
 Manifold Assault         Tloc           4%         N/A       98%         4
 Agony                    Necr           4%         N/A       100%        5
 Metabolic Englaciation   Hex/Ice        2%         N/A       100%        5
 Simulacrum               Ice/Necr       2%         N/A       100%        6
 Dragon Form              Tmut           2%         N/A       100%        7
 Storm Form               Tmut/Air       2%         N/A       100%        7
 Discord                  Hex            2%         N/A       100%        8
 Dragon's Call            Summ           2%         N/A       100%        9


Dungeon Overview and Level Annotations

Branches:
Dungeon (9/15)             Temple (0/1) D:7
   Lair: D:8-11         Orc: D:9-12

Shops:
D:2 [   D:4 !   D:6 [


Innate Abilities, Weirdness & Mutations

You have an increased reservoir of magic. (+10% MP)
You shall have no god before yourself.
Your divine heritage dramatically boosts your attributes as you level up.


Message History

The bullfrog's fire resistance burns away.
The foxfire hits the bullfrog!
The bullfrog is burned terribly!
You kill the bullfrog!
Your Fighting skill increases to level 4!
Found a stone staircase leading up.
An orc wizard and an orc priest come into view.
There are monsters nearby!
There are monsters nearby!
The orc priest shouts!
You conjure some foxfire!
An orc comes into view. It is wielding a +0 hand axe.
You conjure some foxfire!
The foxfire hits the orc!
You kill the orc!
You conjure some foxfire!
The foxfire hits the orc priest.
You conjure some foxfire!
The foxfire hits the orc wizard. x2
The foxfire hits the orc wizard!
You kill the orc wizard!
You conjure some foxfire!
The foxfire hits the orc priest.
You conjure some foxfire!
You conjure some foxfire!
The foxfire hits the orc priest. x2
You kill the orc priest!
You conjure some foxfire!
You can't see any susceptible monsters within range! (Use Z to cast anyway.)
An orc warrior and an orc come into view.
The orc shouts!
A hobgoblin comes into view.
There are monsters nearby!
There are monsters nearby!
There are monsters nearby!
An orc comes into view. It is wielding a +0 war axe.
You can't see any susceptible monsters within range! (Use Z to cast anyway.)
You conjure some foxfire!
The orc warrior shouts!
You hear a shout!
You conjure some foxfire!
The foxfire hits the orc.
Flames lash the orc.
The orc's fire resistance burns away.
You hear a shout! x3
The foxfire hits the orc.
You kill the orc!
Flames lash the orc warrior.
The orc warrior's fire resistance burns away.
An orc wizard comes into view. It is wielding a +0 dagger.
Flames lash the orc.
The orc is burned terribly!
You kill the orc!
The orc wizard gestures at you while chanting.
The puff of flame hits you. You block the orc warrior's attack.
You conjure some foxfire!
You block the orc warrior's attack.
There is not enough space to conjure foxfire!
Unknown command.
An orc comes into view. It is wielding a +0 dagger.
The orc warrior is no longer more vulnerable to fire.
The foxfire hits the orc warrior but does no damage.
You block the orc warrior's attack.
Things that are here:
a +0 war axe; an orc corpse The hobgoblin hits you but does no damage.
You block the orc warrior's attack. You block the hobgoblin's attack.
The orc warrior hits you but does no damage.
An ogre comes into view. It is wielding a +0 giant club.
An orc warrior comes into view. It is wielding a +0 scimitar.
Things that are here:
a +0 war axe; an orc corpse The hobgoblin attacks as you move away!
You block the hobgoblin's attack. You block the orc warrior's attack.
A warg comes into view.
You barely miss the hobgoblin.
The orc wizard gestures wildly while chanting.
The orc wizard flickers and vanishes!
Deactivating autopickup; reactivate with Ctrl-A.
You block the hobgoblin's attack.
You hit the hobgoblin.
The hobgoblin is poisoned.
The hobgoblin hits you.
You hit the hobgoblin.
You kill the hobgoblin!
Flames lash the orc warrior.
The orc warrior's fire resistance burns away.
The orc warrior hits you with a +0 mace.
An orc priest comes into view. It is wielding a +0 whip.
Flames lash the orc warrior.
The orc warrior's fire resistance burns away.
You block the orc warrior's attack.
Flames lash the orc warrior.
The orc warrior is burned terribly!
You hear a shout!
An orc warrior comes into view. It is wielding a +0 mace.
The orc warrior hits you with a +0 mace.
You hear a shout!
Unknown command.
You conjure some foxfire!
The orc warrior completely misses you.
You conjure some foxfire!
The orc warrior is no longer more vulnerable to fire.
You block the orc warrior's attack.
There is not enough space to conjure foxfire!
You hit the orc warrior but do no damage.
The orc warrior is poisoned.
The foxfire hits the orc warrior but does no damage. x2
The foxfire hits the orc warrior!
The foxfire hits the orc warrior.
You block the orc warrior's attack.
You conjure some foxfire!
You kill the orc warrior!
The orc warrior hits you with a +0 scimitar.
You conjure some foxfire!
You block the orc warrior's attack.
You closely miss the orc warrior.
The orc warrior is no longer more vulnerable to fire.
The foxfire hits the orc warrior but does no damage.
The foxfire hits the orc warrior.
The foxfire hits the orc warrior but does no damage.
The foxfire hits the orc warrior.
Flames lash the orc warrior.
The orc warrior's fire resistance burns away.
You hit the orc warrior but do no damage.
The orc warrior is poisoned.
You hear some strange, mumbled words.
A puff of flame appears from out of thin air!
The puff of flame hits you!
The orc warrior hits you with a +0 scimitar.
You conjure some foxfire!
You hear some strange, mumbled words.
Something tries to affect you, but you resist.
You block the orc warrior's attack.
You conjure some foxfire!
The orc warrior is no longer more vulnerable to fire.
The foxfire hits the orc warrior but does no damage.
The foxfire hits the orc warrior.
You kill the orc warrior!
Something hits you but does no damage.
You miss something.
The foxfire hits something.
You hear some strange, mumbled words.
A magic dart appears from out of thin air!
The magic dart hits you but does no damage.
You conjure some foxfire!
Something hits you but does no damage.
You conjure some foxfire!
Something hits you but does no damage.
Nothing appears to happen.
The foxfire hits something but does no damage.
The foxfire hits something. x2; You block something's attack.
The foxfire hits something.
Reactivating autopickup.
You feel a bit more experienced. The ogre hits you with a +0 giant club!
* * * LOW HITPOINT WARNING * * *
The orc priest looks braver for a moment.
Things that are here:
a +0 dagger; a +0 robe; an orc corpse You hit the ogre.
The ogre attacks as you move away! The ogre hits you with a +0 giant club!
* * * LOW HITPOINT WARNING * * *
The orc priest calls down the wrath of Beogh upon you.
Beogh smites you!
* * * LOW HITPOINT WARNING * * *
Items here: )) [[ ††.
The ogre attacks as you move away! The ogre hits you with a +0 giant club!
You die...

## #.# .# .#
#.### ## .# ##
.# #...# ..#.
.## .# #.#.#
#..#..####.#
#...#
.####.#.#.#....#
##..#
#......o)##.#..#
#..#
##..##.hoo#....#
#..# #.###O@.#)#
#..# ## ###.#)#
#..# #.#.# #..#
#.#.#####..#
###..........#
#............#
#<###.########
#.. #.# ... ..#


You could see a warg, an orc warrior, an ogre, an orc priest and an orc.

Vanquished Creatures
  An unseen horror (D:8)
  A troll (D:8)
  A wyvern (D:8)
  A yak (D:8)
  A water moccasin (D:7)
  3 orc warriors
  An ice beast (D:5)
  2 sky beasts
  Pargi (D:3)
  An ogre (D:5)
  4 centaurs
  A kobold brigand (D:7)
  2 scorpions
  6 bullfrogs
  3 killer bees (D:9)
  A howler monkey (D:5)
  3 jellies
  2 hounds (D:5)
  5 orc priests
  Crazy Yiuf (D:3)
  An iguana (D:5)
  Terence (D:3)
  5 sleepcaps
  6 orc wizards
  3 gnolls (D:4)
  7 adders
  3 shadow imps
  An ufetubus (D:7)
  2 worms (D:2)
  3 dart slugs
  31 orcs
  7 endoplasms
  4 giant cockroaches
  6 goblins
  8 hobgoblins
  6 jackals (D:2)
  3 quokkas (D:2)
  6 ball pythons
  A bat (D:2)
  3 frilled lizards
  12 kobolds
  5 rats
165 creatures vanquished.

Vanquished Creatures (others)
  526 foxfires
526 creatures vanquished.

Grand Total: 691 creatures vanquished

Notes
Turn   | Place    | Note
-------+----------+-------------------------------------------
     0 | D:1      | CryoSword the Demigod Fire Elementalist began the quest for
                  | the Orb.
     0 | D:1      | Reached XP level 1. HP: 14/14 MP: 5/5
   131 | D:1      | Reached skill level 1 in Conjurations
   745 | D:1      | Reached skill level 3 in Fire Magic
   898 | D:1      | Reached XP level 2. HP: 20/20 MP: 4/7
   901 | D:1      | Learned a level 2 spell: Scorch
  1424 | D:2      | Found Fianeor's Armour Shoppe.
  1765 | D:2      | Reached XP level 3. HP: 26/26 MP: 3/8
  2759 | D:2      | Reached XP level 4. HP: 32/33 MP: 1/9
  3040 | D:3      | Reached skill level 4 in Fire Magic
  3255 | D:3      | Noticed Pargi
  3331 | D:3      | Noticed Terence
  3344 | D:3      | Killed Terence
  3903 | D:3      | Found a runed translucent door.
  3904 | D:3      | Noticed Crazy Yiuf
  4095 | D:4      | Reached XP level 5. HP: 14/38 MP: 4/10
  4604 | D:4      | Found Kyanuthy's Distillery.
  4612 | D:4      | Bought a potion of curing for 33 gold pieces
  4612 | D:4      | Bought a potion of heal wounds for 55 gold pieces
  4612 | D:4      | Bought a potion of berserk rage for 55 gold pieces
  4612 | D:4      | Bought a potion of brilliance for 44 gold pieces
  4690 | D:3      | Killed Pargi
  4691 | D:3      | Reached skill level 5 in Fire Magic
  4785 | D:3      | Killed Crazy Yiuf
  4786 | D:3      | Reached XP level 6. HP: 19/45 MP: 2/11
  5818 | D:5      | Entered Level 5 of the Dungeon
  5943 | D:5      | Reached skill level 6 in Fire Magic
  6011 | D:5      | Reached XP level 7. HP: 50/50 MP: 9/13
  6161 | D:5      | Reached skill level 1 in Fighting
  6240 | D:5      | Identified the +2 ring mail "Qovefuop" {Int+3 Stlth+}
  7010 | D:6      | Got the Directory of the Oath
  7217 | D:6      | Found Hiec's Antique Armour Shoppe.
  7362 | D:6      | Reached XP level 8. HP: 61/61 MP: 11/15
  7538 | D:7      | Reached skill level 1 in Shields
  7699 | D:7      | Reached skill level 1 in Armour
  7771 | D:7      | Identified the +3 leather armour of Nuilatt {rN+ Will+
                  | Regen+ Dex+3}
  7912 | D:7      | Reached skill level 1 in Maces & Flails
  7943 | D:7      | Reached skill level 7 in Fire Magic
  8061 | D:7      | Found a staircase to the Ecumenical Temple.
  9196 | D:8      | Noticed a troll
  9276 | D:8      | Killed a troll
  9403 | D:8      | Killed an unseen horror
  9404 | D:8      | Reached skill level 5 in Conjurations
  9404 | D:8      | Reached XP level 9. HP: 55/70 MP: 7/16
 10358 | D:8      | Learned a level 4 spell: Flame Wave
 10515 | D:9      | Mangled by an ogre

Illustrated notes

Levels and vault maps discovered:
D:1:      lightli_arrival_windingriver, layout_basic
D:2:      layout_basic, serial_shops, shop, minmay_crystal_water,
          minmay_pentomino_t4
D:3:      layout_loops_ring, old_standard_altar, trog_three_pillars_becter,
          uniq_terence, uniq_pargi, uniq_crazy_yiuf_cottage
D:4:      layout_loops_ring, nicolae_hepliaklqana_hippocampus,
          gammafunk_temple_overflow_claw, serial_shops,
          nicolae_shop_tiny_statue_garden, amcnicky_mini_corridor_feature,
          grunt_ministairs_13
D:5:      layout_rooms
D:6:      layout_rooms, mainiacjoe_overflow_boulevard, serial_shops, shop
D:7:      layout_cave_pods, minmay_temple_entry_drinking_statues,
          grunt_ministairs_6
D:8:      layout_loops_corners
D:9:      layout_loops_ring, nicolae_kikubaaqudgha_miasma_corner, erik_orc_3,
          minmay_tree_intersection, hellmonk_guarded_unrand_lears

Skill      XL: |  1  2  3  4  5  6  7  8  9 |
---------------+----------------------------+-----
Conjurations   | 1 2 3 4 5 |  5.3
Fire Magic     | 3 4 5 6 7 |  7.9
Spellcasting   | 2 3 |  3.0
Fighting       | 1 3 4 |  4.1
Dodging        | 2 3 |  3.5
Stealth        | 2 3 |  3.8
Shields        | 3 |  3.8
Armour         | 2 |  2.5
Maces & Flails | 2 3 |  3.2

Action                     |  1- 3 |  4- 6 |  7- 9 || total
---------------------------+-------+-------+-------++-------
  Melee: Unarmed           |     2 |       |       ||     2
         Hand axe          |       |    19 |       ||    19
         Sling             |       |     2 |       ||     2
         Dagger            |       |    27 |       ||    27
         Mace              |       |       |    16 ||    16
         Whip              |       |       |    19 ||    19
   Fire: Sling             |     3 |    18 |       ||    21
   Cast: Foxfire           |   102 |    63 |   150 ||   315
         Scorch            |    11 |    51 |    77 ||   139
    Use: Scroll            |     2 |       |       ||     2
         Potion            |       |     3 |       ||     3
 Armour: Robe              |     4 |    23 |       ||    27
         Ring mail         |       |       |    33 ||    33
  Dodge: Dodged            |     6 |    41 |    29 ||    76
  Block: Other             |       |    12 |     6 ||    18
         Kite shield       |       |       |    51 ||    51
         Reflection        |       |       |     2 ||     2

Table legend: (Time is in decaauts)
 A = Elapsed time spent in this place.
 B = Non-inter-level travel time spent in this place.
 C = Inter-level travel time spent in this place.
 D = Time resting spent in this place.
 E = Time spent auto-exploring this place.
 F = Levels seen in this place.
 G = Mean time per level.
                   A        B        C        D        E       F      G
               +--------+--------+--------+--------+--------+-----+--------+
         Total |  10537 |  10095 |    442 |    313 |   8402 |   9 | 1170.8 |
       Dungeon |  10537 |  10095 |    442 |    313 |   8402 |   9 | 1170.8 |
               +--------+--------+--------+--------+--------+-----+--------+

Top non-repeatable levels by time:
     D:4: 1802 daAuts
     D:7: 1575 daAuts
     D:3: 1546 daAuts
     D:1: 1405 daAuts
     D:2: 1382 daAuts
     D:8: 1345 daAuts
     D:5: 729 daAuts
     D:6: 564 daAuts
     D:9: 185 daAuts
